 Dungeon Crawl Stone Soup version 0.31-a0-1439-g542172135e (webtiles) character file.

Game seed: 16325118459363039982

1078 tabbu the Covered (level 8, -5/69 HPs)
             Began as a Minotaur Fighter on Dec 27, 2023.
             Slain by an ogre
             ... wielding a +0 giant club
              (27 damage)
             ... on level 5 of the Dungeon.
             The game lasted 00:05:18 (5366 turns).

tabbu the Covered (Minotaur Fighter)                Turns: 5366, Time: 00:05:18

Health: -5/69      AC:  8    Str: 28    XL:     8   Next: 8%
Magic:  7/7        EV: 10    Int:  5    God:
Gold:   221        SH:  5    Dex: 11    Spells: 7/7 levels left

rFire   . . .        a - +1 long sword
rCold   . . .        c - +0 buckler
rNeg    . . .        b - +0 scale mail
rPois   .            (helmet restricted)
rElec   .            (no cloak)
rCorr   .            (no gloves)
SInv    .            (no boots)
Will    .....        (no amulet) Stlth
                     g - +6 ring of strength
HPRegen 0.31/turn    (no ring)
MPRegen 0.10/turn

%: no passive effects
@: no status effects
A: horns 2, retaliatory headbutt
a: no special abilities


You were on level 5 of the Dungeon.
You visited 1 branch of the dungeon, and saw 5 of its levels.

You collected 271 gold pieces.
You spent 50 gold pieces at shops.

Inventory:

Hand Weapons
 a - a +1 long sword (weapon)
 d - a +6 vampiric scythe
 o - a +0 falchion
Armour
 b - a +0 scale mail (worn)
 c - a +0 buckler (worn)
 y - +0 steam dragon scales
Jewellery
 g - a +6 ring of strength (left hand)
 p - a ring of fire
 r - an amulet of the acrobat
 s - a +4 ring of protection
 u - a ring of positive energy
 v - a ring of positive energy
Scrolls
 f - a scroll of silence {unknown}
 h - 3 scrolls of teleportation
 j - a scroll of poison {unknown}
 l - 2 scrolls of enchant weapon
 m - 5 scrolls of identify {unknown}
 n - a scroll of vulnerability {unknown}
Potions
 e - 2 potions of curing
 i - a potion of magic {unknown}
 k - 2 potions of invisibility {unknown}
 q - a potion of berserk rage {unknown}
 t - 2 potions of heal wounds
 w - a potion of attraction {unknown}
 x - a potion of haste {unknown}
 z - a potion of mutation {unknown}


   Skills:
 + Level 5.5 Fighting
 + Level 6.9 Long Blades
 + Level 7.4 Armour
 + Level 2.0 Dodging
 + Level 1.0 Stealth
 + Level 5.4 Shields


You had 7 spell levels left.
You didn't know any spells.
Your spell library contained the following spells:

 Spells                   Type           Power      Damage    Failure   Level
 Call Imp                 Summ           0%         N/A       88%         2
 Ensorcelled Hibernation  Hex/Ice        0%         N/A       88%         2
 Sublimation of Blood     Necr           0%         N/A       88%         2
 Passwall                 Erth           0%         N/A       98%         3
 Swiftness                Air            0%         N/A       98%         3
 Alistair's Intoxication  Alch           0%         N/A       100%        5
 Borgnjor's Vile Clutch   Necr/Erth      0%         N/A       100%        5
 Eringya's Noxious Bog    Alch           0%         4d6       100%        6
 Summon Hydra             Summ           0%         N/A       100%        7


Dungeon Overview and Level Annotations

Branches:
Dungeon (5/15)
 Temple: D:4-7

Altars:
Fedhas

Shops:
D:4 =:!*(

Annotations:
D:4 exclusion: oklob plant


Innate Abilities, Weirdness & Mutations

You have a pair of horns on your head.
You reflexively headbutt those who attack you in melee.


Message History

You kill the ogre!
Your Dodging skill increases to level 2!
You have reached level 8!
You feel agile.
Things that are here:
a +0 giant club; a hound corpse; an adder corpse
Found a stone staircase leading down.
There is a stone staircase leading down here.
An ogre comes into view. It is wielding a +0 giant club.
The ogre shouts!
An ogre is nearby!
The ogre closely misses you.
You barely miss the ogre. You block the ogre's attack.
You slash the ogre! Your headbutt misses the ogre.
The ogre is moderately wounded.
You hit the ogre.
The ogre is moderately wounded.
The ogre hits you with a +0 giant club!
You hit the ogre but do no damage. You headbutt the ogre.
The ogre is heavily wounded.
The ogre hits you with a +0 giant club!
You hit the ogre but do no damage.
The ogre is heavily wounded.
The ogre hits you with a +0 giant club!
You are too injured to fight recklessly!
You are too injured to fight recklessly!
You are too injured to fight recklessly!
You are too injured to fight recklessly!
You barely miss the ogre.
The ogre is heavily wounded.
You hit the ogre.
The ogre is severely wounded.
The ogre hits you with a +0 giant club!
You hit the ogre.
The ogre is almost dead.
The ogre barely misses you.
You hit the ogre.
The ogre is almost dead.
The ogre hits you with a +0 giant club!!
You die...

#.
..........####.#
#.
#..###...>.....#
#.##..#
##.######.#
#.....####.# #..
#..........#
##.#.#######
#.#.### #.#...#
#@###.# #O# #.#
#.# #.# #.# #.#
#.# #.# #.# #.#
#.# #.# #.# #.#


You could see an ogre.

Vanquished Creatures
  Sigmund (D:3)
  A steam dragon (D:4)
  2 ogres
  A scorpion (D:4)
  2 jellies
  2 bombardier beetles
  2 hounds
  2 iguanas
  2 gnoll boudas (D:5)
  An orc wizard (D:4)
  11 gnolls
  4 adders
  A white imp (D:5)
  A worm (D:4)
  3 dart slugs
  8 orcs
  4 endoplasms
  6 giant cockroaches
  4 hobgoblins
  8 jackals
  10 kobolds
  3 quokkas
  4 ball pythons
  2 bats (D:1)
  A frilled lizard (D:3)
  8 goblins
  5 rats
99 creatures vanquished.

Vanquished Creatures (others)
  A kobold (D:4)
1 creature vanquished.

Grand Total: 100 creatures vanquished

Notes
Turn   | Place    | Note
-------+----------+-------------------------------------------
     0 | D:1      | tabbu the Minotaur Fighter began the quest for the Orb.
     0 | D:1      | Reached XP level 1. HP: 19/19 MP: 0/0
    97 | D:1      | Reached XP level 2. HP: 14/27 MP: 1/1
   165 | D:1      | Reached skill level 4 in Armour
   863 | D:2      | Reached XP level 3. HP: 16/33 MP: 2/2
  1305 | D:2      | Reached XP level 4. HP: 36/40 MP: 3/3
  1745 | D:3      | Reached skill level 5 in Armour
  1852 | D:3      | Noticed Sigmund
  1864 | D:3      | Killed Sigmund
  1865 | D:3      | Reached skill level 1 in Dodging
  1865 | D:3      | Reached XP level 5. HP: 17/47 MP: 4/4
  1865 | D:3      | Reached XP level 6. HP: 19/53 MP: 5/5
  1991 | D:3      | Found a faded altar of an unknown god.
  2856 | D:4      | Found a blossoming altar of Fedhas.
  2876 | D:4      | Noticed an oklob plant
  3106 | D:4      | Reached skill level 6 in Armour
  3183 | D:4      | Reached skill level 5 in Long Blades
  3548 | D:4      | Found Uffucs's Antique Weapon Shoppe.
  3701 | D:4      | Found Upsoiw's Jewellery Shoppe.
  3701 | D:4      | Noticed a steam dragon
  3714 | D:4      | Killed a steam dragon
  3715 | D:4      | Reached skill level 5 in Fighting
  3715 | D:4      | Reached XP level 7. HP: 35/61 MP: 6/6
  3813 | D:4      | Found Viqo's Distillery.
  4004 | D:4      | Bought a potion of heal wounds for 50 gold pieces
  4075 | D:4      | Found Acux's Assorted Antiques.
  4269 | D:4      | Found Soupsul's Book Boutique.
  4335 | D:4      | Reached skill level 5 in Shields
  4662 | D:5      | Entered Level 5 of the Dungeon
  4946 | D:5      | Reached skill level 7 in Armour
  5105 | D:5      | Reached skill level 1 in Stealth
  5186 | D:5      | Reached XP level 8. HP: 28/69 MP: 7/7
  5366 | D:5      | Slain by an ogre

Illustrated notes

Levels and vault maps discovered:
D:1:      lemuel_arrival_behind_the_door_small, layout_basic,
          amcnicky_mini_pool_small
D:2:      layout_basic, minmay_tripent
D:3:      layout_loops_corners, hellmonk_ecumenical_altar_lost_god,
          due_unseen_surprise, uniq_sigmund
D:4:      kb_forest_paths, layout_basic, tgw_fedhas, serial_shops, shop,
          nicolae_shop_getting_attention, nicolae_lakefront_shop, shop_statue,
          nicolae_shop_trees
D:5:      layout_loops_ring

Skill      XL: |  1  2  3  4  5  6  7 |
---------------+----------------------+-----
Armour         | 4 5 6 7 |  7.4
Fighting       | 4 5 |  5.5
Shields        | 4 5 |  5.4
Long Blades    | 3 4 5 6 |  6.9
Dodging        | 1 2 |  2.0
Stealth        | 1 |  1.0

Action                     |  1- 3 |  4- 6 |  7- 9 || total
---------------------------+-------+-------+-------++-------
  Melee: Long sword        |    77 |   104 |   102 ||   283
         Headbutt          |     8 |    13 |    25 ||    46
    Use: Potion            |     1 |     4 |     1 ||     6
         Scroll            |       |       |     2 ||     2
 Armour: Scale mail        |    58 |    66 |    55 ||   179
  Dodge: Dodged            |    35 |    42 |    33 ||   110
  Block: Buckler           |    21 |    26 |    22 ||    69

Table legend: (Time is in decaauts)
 A = Elapsed time spent in this place.
 B = Non-inter-level travel time spent in this place.
 C = Inter-level travel time spent in this place.
 D = Time resting spent in this place.
 E = Time spent auto-exploring this place.
 F = Levels seen in this place.
 G = Mean time per level.
                   A        B        C        D        E       F      G
               +--------+--------+--------+--------+--------+-----+--------+
         Total |   5423 |   5336 |     87 |    900 |   3731 |   5 | 1084.6 |
       Dungeon |   5423 |   5336 |     87 |    900 |   3731 |   5 | 1084.6 |
               +--------+--------+--------+--------+--------+-----+--------+

Top non-repeatable levels by time:
     D:4: 1868 daAuts
     D:3: 1194 daAuts
     D:1: 851 daAuts
     D:2: 798 daAuts
     D:5: 710 daAuts
